 Dungeon Crawl Stone Soup version 0.32-a0-306-gfed3edf829 (webtiles) character file.

Game seed: 16259909847176793585

26 tharic99 the Grave Robber (level 3, -1/24 HPs)
             Began as a Human Necromancer on Feb 14, 2024.
             Slain by a jackal (2 damage)
             ... on level 1 of the Dungeon.
             The game lasted 00:10:57 (445 turns).

tharic99 the Grave Robber (Human Necromancer)        Turns: 445, Time: 00:10:57

Health: -1/24      AC:  5    Str:  8    XL:     3   Next: 8%
Magic:  6/6        EV: 10    Int: 17    God:
Gold:   36         SH:  0    Dex: 13    Spells: 5/6 levels left

rFire   . . .        f - +0 dagger
rCold   . . .        (no shield)
rNeg    . . .        e - +0 ring mail
rPois   .            (no helmet)
rElec   .            (no cloak)
rCorr   .            (no gloves)
SInv    .            (no boots)
Will    .....        (no amulet)
Stlth   +            (no ring)
HPRegen 0.24/turn    (no ring)
MPRegen 0.10/turn

%: no passive effects
@: no status effects
A: explore regen
a: no special abilities


You were on level 1 of the Dungeon.
You visited 1 branch of the dungeon, and saw 1 of its levels.

You collected 36 gold pieces.

Inventory:

Hand Weapons
 c - a +0 whip
 f - a +0 dagger (weapon)
Armour
 a - a +0 robe
 d - a +0 leather armour
 e - a +0 ring mail (worn)
Potions
 g - a potion of heal wounds {unknown}


   Skills:
 + Level 2.3 Dodging
 + Level 2.0 Stealth
 + Level 2.2 Spellcasting
 + Level 4.6 Necromancy


You had 5 spell levels left.
You knew the following spells:

 Your Spells              Type           Power      Damage    Failure   Level
a - Necrotise             Necr           68%        1d7       9%          1

Your spell library contained the following spells:

 Spells                   Type           Power      Damage    Failure   Level
 Vampiric Draining        Necr           17%        2d7       26%         3
 Animate Dead             Necr           17%        N/A       65%         4
 Curse of Agony           Necr           17%        N/A       94%         5


Dungeon Overview and Level Annotations

Branches:
Dungeon (1/15)

Altars:


Innate Abilities, Weirdness & Mutations

You regain HP and MP as you explore.


Message History

You hit the jackal.
You kill the jackal!
The jackal closely misses you. The endoplasm hits you.
* * * LOW HITPOINT WARNING * * *
The jackal bites you.
* * * LOW HITPOINT WARNING * * *
Magic courses through your body.
Your frilled lizard skeleton crumbles into dust!
The jackal barely misses you. The jackal bites you.
* * * LOW HITPOINT WARNING * * *
The endoplasm closely misses you.
The jackal bites you but does no damage.
The jackal bites you but does no damage.
The jackal bites you.
* * * LOW HITPOINT WARNING * * *
The jackal attacks as it pursues you!
The jackal bites you but does no damage.
The jackal pauses to sniff the ground.
The jackal barely misses you. The jackal attacks as it pursues you!
The jackal closely misses you. The jackal closely misses you.
The jackal attacks as it pursues you! The jackal closely misses you.
The jackal attacks as it pursues you! The jackal bites you.
* * * LOW HITPOINT WARNING * * *
The jackal closely misses you.
The jackal bites you but does no damage.
The jackal bites you but does no damage.
The jackal barely misses you.
The quokka twitches its whiskers.
The jackal attacks as it pursues you!
The jackal bites you but does no damage.
The jackal closely misses you. The jackal bites you.
* * * LOW HITPOINT WARNING * * *
The jackal attacks as it pursues you!
The jackal bites you but does no damage.
The jackal attacks as it pursues you!
The jackal bites you but does no damage.
The jackal attacks as it pursues you! The jackal barely misses you.
The jackal bites you.
You die...

.. ...# #..#... .. #..#..#
#.#...##. #..#..####........
#...... #........ .
####>...###......##.#
.....#..............
#...@#..........
#..hhh......#.# ~
#....#.#....#.# #~
#...........#.##.#
#...r#.#........#
####..J.#.#.#..#.####
########...................##
#..............#.#.#........#
#........##....#.#.#.######.#


You could see an endoplasm, a quokka and 3 jackals.

Vanquished Creatures
  A dart slug (D:1)
  2 goblins (D:1)
  6 hobgoblins (D:1)
  A jackal (D:1)
  A bat (D:1)
  A frilled lizard (D:1)
  A rat (D:1)
13 creatures vanquished.

Notes
Turn   | Place    | Note
-------+----------+-------------------------------------------
     0 | D:1      | tharic99 the Human Necromancer began the quest for the Orb.
     0 | D:1      | Reached XP level 1. HP: 13/13 MP: 3/3
    94 | D:1      | Reached XP level 2. HP: 9/19 MP: 1/5
   423 | D:1      | Reached XP level 3. HP: 7/24 MP: 4/6
   429 | D:1      | HP: 1/24 [jackal (2)]
   443 | D:1      | HP: 1/24 [jackal (3)]
   445 | D:1      | Slain by a jackal

Illustrated notes

Levels and vault maps discovered:
D:1:      shiori_arrival_elements, layout_basic

Action                     || total
---------------------------++-------
  Melee: Whip              ||    15
         Dagger            ||    17
   Cast: Necrotise         ||    13
    Use: Potion            ||     1
   Stab: Distracted        ||     1
 Armour: Robe              ||     5
         Ring mail         ||    31
         Leather armour    ||     4
  Dodge: Dodged            ||    38

Table legend: (Time is in decaauts)
 A = Elapsed time spent in this place.
 B = Non-inter-level travel time spent in this place.
 C = Inter-level travel time spent in this place.
 D = Time resting spent in this place.
 E = Time spent auto-exploring this place.
 F = Levels seen in this place.
 G = Mean time per level.
                   A        B        C        D        E       F      G
               +--------+--------+--------+--------+--------+-----+--------+
         Total |    445 |    445 |      0 |     73 |      0 |   1 |  445.0 |
       Dungeon |    445 |    445 |      0 |     73 |      0 |   1 |  445.0 |
               +--------+--------+--------+--------+--------+-----+--------+

Top non-repeatable levels by time:
     D:1: 445 daAuts
